[ PARTIDA AOE2 · #479000760 ]
UnrankedBritanos vs Wu
[ ANÁLISIS DE REPETICIÓN · EXTRAÍDO DE LA PARTIDA GRABADA ]
Feudal
11:51
Castillos
15:22
Imperial
28:07
| APM promedio | 38.2 |
| APM pico | 93 |
| eAPM promedio | 25.8 |
| Aldeanos / militares | 162 / 73 |
Foco
⚔️ 46.5% · 🌾 53.5%
Longbowman ×73 · Trade Cart ×8
Feudal
10:55
Castillos
14:55
Imperial
36:47
| APM promedio | 39.5 |
| APM pico | 88 |
| eAPM promedio | 21.6 |
| Aldeanos / militares | 165 / 14 |
Foco
⚔️ 33.6% · 🌾 66.4%
Unknown (1974) ×62 · Battering Ram ×7 · Scorpion ×4 · Spearman ×2 · Mangonel ×1
Feudal
9:44
Castillos
13:03
Imperial
29:52
| APM promedio | 31.6 |
| APM pico | 83 |
| eAPM promedio | 22.9 |
| Aldeanos / militares | 207 / 75 |
Foco
⚔️ 25.6% · 🌾 74.4%
War Elephant ×75
Feudal
10:54
Castillos
15:59
Imperial
29:22
| APM promedio | 29.6 |
| APM pico | 93 |
| eAPM promedio | 17.3 |
| Aldeanos / militares | 236 / 137 |
Foco
⚔️ 17.0% · 🌾 83.0%
Camel Scout ×98 · Knight ×36 · Trebuchet (Packed) ×3
Feudal
11:00
Castillos
14:58
Imperial
32:47
| APM promedio | 24.6 |
| APM pico | 48 |
| eAPM promedio | 17.9 |
| Aldeanos / militares | 189 / 21 |
Foco
⚔️ 25.3% · 🌾 74.7%
Monk ×8 · Archer ×7 · Hussite Wagon ×4 · Bombard Cannon ×2
Feudal
12:07
Castillos
16:04
Imperial
—
| APM promedio | 15.8 |
| APM pico | 44 |
| eAPM promedio | 8.8 |
| Aldeanos / militares | 68 / 35 |
Foco
⚔️ 30.5% · 🌾 69.5%
Militia ×29 · Battering Ram ×5 · Spearman ×1
Feudal
11:47
Castillos
15:43
Imperial
30:39
| APM promedio | 22.0 |
| APM pico | 89 |
| eAPM promedio | 13.2 |
| Aldeanos / militares | 131 / 115 |
Foco
⚔️ 25.1% · 🌾 74.9%
Hand Cannoneer ×60 · Camel Scout ×54 · Monk ×1
Feudal
11:21
Castillos
14:51
Imperial
25:00
| APM promedio | 32.8 |
| APM pico | 74 |
| eAPM promedio | 22.1 |
| Aldeanos / militares | 114 / 132 |
Foco
⚔️ 42.4% · 🌾 57.6%
Obuch ×80 · Scout Cavalry ×34 · Battering Ram ×14 · Bombard Cannon ×3 · Mangonel ×1
Mapa de la partida
Recursos iniciales + cada clic de construcción. Líneas = muros · curvas = relieve. ◆ oro · ⬟ piedra · ● bayas · ✦ reliquia · ◌ hueco del cierre
Tu base· ✓ Cerrada en 15:22 · 2t muro · 3 puerta(s)
Base de Jason· ✓ Cerrada en 14:55 · 0t muro · 2 puerta(s)
Base de 请摸我的玉足· ✓ Cerrada en 13:03 · 0t muro · 2 puerta(s)
Base de Uhtred· ✓ Cerrada en 15:59 · 0t muro · 3 puerta(s)
Base de 精锐萌新· ✓ Cerrada en 14:58 · 0t muro · 3 puerta(s)
Base de fabio07deluca· ✓ Cerrada en 16:04 · 0t muro · 3 puerta(s)
Base de Nuclear Nadal· ✓ Cerrada en 15:43 · 0t muro · 2 puerta(s)
Base de 这么早就组排· ✓ Cerrada en 14:51 · 0t muro · 2 puerta(s)
Terreno inicial suavizado · ◌ = hueco del cierre detectado · pasá el cursor para detalles
Inputs por minuto
— 你们先开吧我晚点再来 - - Jason
Build order — 你们先开吧我晚点再来
Primeras 150 de 402 acciones detectadas
| 0:01 | Crear | Villager (Male) |
| 0:01 | Crear | Villager (Male) |
| 0:01 | Crear | Villager (Male) |
| 0:02 | Construir | House |
| 0:03 | Construir | House |
| 0:20 | Crear | Villager (Male) |
| 1:20 | Crear | Villager (Male) |
| 1:39 | Crear | Villager (Male) |
| 1:44 | Construir | Lumber Camp |
| 2:02 | Crear | Villager (Male) |
| 2:02 | Crear | Villager (Male) |
| 2:26 | Crear | Villager (Male) |
| 2:26 | Crear | Villager (Male) |
| 2:27 | Crear | Villager (Male) |
| 3:02 | Construir | House |
| 3:03 | Construir | House |
| 3:05 | Construir | House |
| 3:33 | Crear | Villager (Male) |
| 3:33 | Crear | Villager (Male) |
| 3:36 | Construir | House |
| 4:23 | Crear | Villager (Male) |
| 4:24 | Crear | Villager (Male) |
| 4:30 | Crear | Villager (Male) |
| 4:30 | Crear | Villager (Male) |
| 4:56 | Construir | Mill |
| 5:21 | Crear | Villager (Male) |
| 5:24 | Crear | Villager (Male) |
| 5:34 | Crear | Villager (Male) |
| 6:18 | Crear | Villager (Male) |
| 6:33 | Crear | Villager (Male) |
| 7:00 | Crear | Villager (Male) |
| 7:22 | Construir | Farm |
| 7:24 | Construir | Farm |
| 7:26 | Construir | Farm |
| 7:36 | Construir | Farm |
| 7:39 | Crear | Villager (Male) |
| 8:26 | Construir | Mining Camp |
| 8:51 | Crear | Villager (Male) |
| 8:51 | Crear | Villager (Male) |
| 9:20 | Investigar | Feudal Age |
| 9:35 | Construir | Mining Camp |
| 10:26 | Crear | Villager (Male) |
| 10:26 | Crear | Villager (Male) |
| 11:08 | Construir | Palisade Wall |
| 11:09 | Construir | Palisade Wall |
| 11:51 | Edad | Edad Feudal |
| 11:54 | Construir | Market |
| 11:59 | Construir | Blacksmith |
| 12:28 | Investigar | Double-Bit Axe |
| 12:29 | Investigar | Horse Collar |
| 12:42 | Investigar | Castle Age |
| 12:42 | Investigar | Castle Age |
| 13:00 | Investigar | Stone Mining |
| 13:18 | Investigar | Gold Mining |
| 13:50 | Crear | Villager (Male) |
| 15:22 | Edad | Edad de los Castillos |
| 15:27 | Construir | Town Center |
| 15:29 | Construir | Town Center |
| 15:31 | Investigar | Bow Saw |
| 15:31 | Crear | Villager (Male) |
| 15:51 | Investigar | Wheelbarrow |
| 15:55 | Construir | House |
| 15:56 | Construir | House |
| 15:59 | Crear | Villager (Male) |
| 16:21 | Construir | Farm |
| 16:21 | Construir | Farm |
| 16:22 | Construir | Farm |
| 16:26 | Construir | House |
| 16:36 | Crear | Villager (Male) |
| 16:39 | Construir | Farm |
| 16:51 | Crear | Villager (Male) |
| 16:51 | Crear | Villager (Male) |
| 17:02 | Construir | Farm |
| 17:03 | Crear | Villager (Male) |
| 17:12 | Construir | Castle |
| 17:17 | Construir | Farm |
| 17:21 | Construir | Farm |
| 17:31 | Crear | Villager (Male) |
| 17:31 | Crear | Villager (Male) |
| 17:38 | Construir | House |
| 17:39 | Crear | Villager (Male) |
| 17:56 | Crear | Villager (Male) |
| 17:56 | Crear | Villager (Male) |
| 18:11 | Construir | House |
| 18:12 | Construir | House |
| 18:13 | Crear | Villager (Male) |
| 18:15 | Crear | Villager (Male) |
| 18:17 | Construir | Farm |
| 18:17 | Construir | Farm |
| 18:17 | Construir | Farm |
| 18:18 | Construir | Farm |
| 18:18 | Construir | Farm |
| 18:18 | Construir | Farm |
| 18:18 | Construir | Farm |
| 18:30 | Construir | Farm |
| 18:34 | Construir | Farm |
| 18:39 | Construir | Farm |
| 18:45 | Construir | Farm |
| 18:47 | Crear | Villager (Male) |
| 18:47 | Crear | Villager (Male) |
| 18:50 | Crear | Villager (Male) |
| 18:56 | Construir | Farm |
| 18:58 | Construir | Farm |
| 19:12 | Construir | House |
| 19:13 | Construir | House |
| 19:14 | Crear | Villager (Male) |
| 19:15 | Crear | Villager (Male) |
| 19:21 | Construir | Farm |
| 19:28 | Construir | Farm |
| 19:28 | Crear | Villager (Male) |
| 19:29 | Crear | Villager (Male) |
| 19:29 | Crear | Villager (Male) |
| 19:32 | Crear | Villager (Male) |
| 19:34 | Crear | Longbowman |
| 19:46 | Crear | Longbowman |
| 19:47 | Crear | Villager (Male) |
| 19:57 | Construir | Farm |
| 19:57 | Crear | Villager (Male) |
| 19:58 | Crear | Villager (Male) |
| 19:58 | Crear | Villager (Male) |
| 20:05 | Crear | Villager (Male) |
| 20:07 | Crear | Longbowman |
| 20:12 | Crear | Longbowman |
| 20:13 | Crear | Villager (Male) |
| 20:19 | Construir | House |
| 20:23 | Crear | Longbowman |
| 20:24 | Crear | Villager (Male) |
| 20:26 | Crear | Villager (Male) |
| 20:26 | Crear | Villager (Male) |
| 20:34 | Construir | Farm |
| 20:36 | Construir | Farm |
| 20:42 | Crear | Villager (Male) |
| 20:43 | Crear | Villager (Male) |
| 20:46 | Construir | Farm |
| 20:49 | Construir | Farm |
| 20:50 | Crear | Villager (Male) |
| 20:52 | Construir | House |
| 20:53 | Construir | House |
| 20:54 | Crear | Villager (Male) |
| 20:57 | Construir | Farm |
| 20:58 | Crear | Villager (Male) |
| 21:00 | Construir | Farm |
| 21:03 | Crear | Villager (Male) |
| 21:07 | Construir | Farm |
| 21:11 | Construir | Farm |
| 21:11 | Crear | Villager (Male) |
| 21:21 | Construir | Farm |
| 21:22 | Crear | Villager (Male) |
| 21:28 | Construir | Farm |
| 21:29 | Crear | Villager (Male) |
Build order — Jason
Primeras 150 de 356 acciones detectadas
| 0:00 | Crear | Villager (Male) |
| 0:01 | Crear | Villager (Male) |
| 0:01 | Crear | Villager (Male) |
| 0:01 | Crear | Villager (Male) |
| 0:03 | Construir | House |
| 0:06 | Construir | House |
| 1:14 | Crear | Villager (Male) |
| 1:14 | Crear | Villager (Male) |
| 1:14 | Crear | Villager (Male) |
| 1:44 | Crear | Villager (Male) |
| 1:44 | Crear | Villager (Male) |
| 1:49 | Construir | Lumber Camp |
| 2:27 | Crear | Villager (Male) |
| 2:27 | Crear | Villager (Male) |
| 2:28 | Crear | Villager (Male) |
| 2:28 | Crear | Villager (Male) |
| 3:00 | Crear | Villager (Male) |
| 3:01 | Crear | Villager (Male) |
| 3:01 | Crear | Villager (Male) |
| 3:30 | Construir | House |
| 3:33 | Construir | House |
| 3:38 | Crear | Villager (Male) |
| 3:38 | Crear | Villager (Male) |
| 3:38 | Crear | Villager (Male) |
| 3:43 | Construir | House |
| 4:02 | Crear | Villager (Male) |
| 4:02 | Crear | Villager (Male) |
| 4:32 | Crear | Villager (Male) |
| 4:33 | Crear | Villager (Male) |
| 4:33 | Crear | Villager (Male) |
| 4:42 | Construir | Mill |
| 4:49 | Crear | Villager (Male) |
| 4:50 | Crear | Villager (Male) |
| 5:14 | Crear | Villager (Male) |
| 5:15 | Crear | Villager (Male) |
| 5:15 | Crear | Villager (Male) |
| 5:21 | Crear | Villager (Male) |
| 5:21 | Crear | Villager (Male) |
| 5:21 | Crear | Villager (Male) |
| 5:21 | Crear | Villager (Male) |
| 5:50 | Crear | Villager (Male) |
| 5:50 | Crear | Villager (Male) |
| 6:23 | Crear | Villager (Male) |
| 6:23 | Crear | Villager (Male) |
| 6:23 | Crear | Villager (Male) |
| 6:44 | Crear | Villager (Male) |
| 6:44 | Crear | Villager (Male) |
| 6:44 | Crear | Villager (Male) |
| 6:49 | Crear | Villager (Male) |
| 6:50 | Crear | Villager (Male) |
| 7:11 | Crear | Villager (Male) |
| 7:11 | Crear | Villager (Male) |
| 7:12 | Crear | Villager (Male) |
| 7:25 | Crear | Villager (Male) |
| 7:26 | Crear | Villager (Male) |
| 7:26 | Crear | Villager (Male) |
| 7:38 | Construir | Mining Camp |
| 8:36 | Investigar | Feudal Age |
| 9:00 | Construir | Lumber Camp |
| 9:07 | Construir | Farm |
| 9:11 | Construir | Farm |
| 9:16 | Construir | Farm |
| 10:07 | Crear | Villager (Male) |
| 10:07 | Crear | Villager (Male) |
| 10:55 | Edad | Edad Feudal |
| 10:57 | Crear | Villager (Male) |
| 11:03 | Construir | Market |
| 11:10 | Construir | Blacksmith |
| 11:24 | Construir | House |
| 11:29 | Construir | House |
| 11:50 | Investigar | Loom |
| 11:58 | Investigar | Castle Age |
| 11:58 | Investigar | Castle Age |
| 12:24 | Construir | Farm |
| 12:31 | Investigar | Double-Bit Axe |
| 12:32 | Investigar | Double-Bit Axe |
| 12:37 | Investigar | Horse Collar |
| 12:37 | Investigar | Horse Collar |
| 13:07 | Investigar | Gold Mining |
| 13:07 | Investigar | Gold Mining |
| 14:13 | Construir | Barracks |
| 14:55 | Edad | Edad de los Castillos |
| 14:57 | Crear | Villager (Male) |
| 14:57 | Crear | Villager (Male) |
| 14:57 | Crear | Villager (Male) |
| 15:05 | Construir | Siege Workshop |
| 15:10 | Crear | Villager (Male) |
| 15:10 | Crear | Villager (Male) |
| 15:18 | Investigar | Scale Mail Armor |
| 15:19 | Crear | Villager (Male) |
| 15:19 | Crear | Villager (Male) |
| 15:26 | Construir | Farm |
| 15:34 | Construir | Farm |
| 15:54 | Crear | Battering Ram |
| 15:54 | Crear | Battering Ram |
| 15:56 | Crear | Villager (Male) |
| 16:03 | Construir | Farm |
| 16:27 | Crear | Villager (Male) |
| 16:28 | Crear | Villager (Male) |
| 16:28 | Crear | Villager (Male) |
| 16:29 | Crear | Villager (Male) |
| 16:32 | Crear | Battering Ram |
| 16:35 | Crear | Unit 1974 |
| 16:35 | Crear | Unit 1974 |
| 16:44 | Crear | Unit 1974 |
| 16:44 | Crear | Unit 1974 |
| 16:44 | Crear | Unit 1974 |
| 16:52 | Construir | Barracks |
| 17:19 | Construir | Farm |
| 17:28 | Construir | House |
| 17:29 | Crear | Villager (Male) |
| 17:39 | Crear | Unit 1974 |
| 17:40 | Crear | Unit 1974 |
| 17:40 | Crear | Villager (Male) |
| 17:41 | Crear | Villager (Male) |
| 17:46 | Construir | House |
| 17:47 | Construir | House |
| 17:49 | Crear | Villager (Male) |
| 17:53 | Crear | Unit 1974 |
| 17:54 | Crear | Unit 1974 |
| 17:57 | Construir | Farm |
| 18:00 | Crear | Battering Ram |
| 18:08 | Crear | Unit 1974 |
| 18:08 | Crear | Unit 1974 |
| 18:15 | Crear | Unit 1974 |
| 18:15 | Crear | Unit 1974 |
| 18:15 | Crear | Villager (Male) |
| 18:24 | Construir | Farm |
| 18:26 | Construir | House |
| 18:34 | Construir | House |
| 18:35 | Construir | House |
| 18:37 | Crear | Villager (Male) |
| 18:42 | Crear | Unit 1974 |
| 18:42 | Crear | Unit 1974 |
| 18:51 | Construir | Farm |
| 18:56 | Crear | Battering Ram |
| 18:57 | Crear | Battering Ram |
| 18:57 | Crear | Battering Ram |
| 18:58 | Crear | Villager (Male) |
| 19:13 | Crear | Villager (Male) |
| 19:16 | Construir | Farm |
| 19:21 | Construir | House |
| 19:25 | Construir | House |
| 19:27 | Construir | House |
| 19:28 | Crear | Villager (Male) |
| 19:39 | Crear | Villager (Male) |
| 19:49 | Investigar | Squires |
| 19:58 | Crear | Villager (Male) |
| 19:58 | Crear | Villager (Male) |
| 20:09 | Construir | Farm |
Build order — 请摸我的玉足
Primeras 150 de 460 acciones detectadas
| 0:01 | Crear | Villager (Male) |
| 0:02 | Crear | Villager (Male) |
| 0:02 | Crear | Villager (Male) |
| 0:04 | Construir | House |
| 0:05 | Construir | House |
| 0:07 | Crear | Villager (Male) |
| 0:07 | Crear | Villager (Male) |
| 0:33 | Construir | Mill |
| 1:40 | Crear | Villager (Male) |
| 1:42 | Construir | Lumber Camp |
| 2:08 | Crear | Villager (Male) |
| 2:08 | Crear | Villager (Male) |
| 2:34 | Crear | Villager (Male) |
| 2:34 | Crear | Villager (Male) |
| 3:05 | Crear | Villager (Male) |
| 3:16 | Construir | House |
| 3:34 | Crear | Villager (Male) |
| 3:35 | Crear | Villager (Male) |
| 3:36 | Crear | Villager (Male) |
| 4:13 | Crear | Villager (Male) |
| 4:13 | Crear | Villager (Male) |
| 4:39 | Crear | Villager (Male) |
| 4:40 | Crear | Villager (Male) |
| 4:44 | Construir | House |
| 4:46 | Crear | Villager (Male) |
| 4:46 | Crear | Villager (Male) |
| 4:59 | Crear | Villager (Male) |
| 4:59 | Crear | Villager (Male) |
| 5:15 | Crear | Villager (Male) |
| 5:26 | Crear | Villager (Male) |
| 5:26 | Crear | Villager (Male) |
| 6:51 | Crear | Villager (Male) |
| 7:37 | Crear | Villager (Male) |
| 7:41 | Investigar | Feudal Age |
| 8:07 | Crear | Villager (Male) |
| 8:07 | Crear | Villager (Male) |
| 9:44 | Edad | Edad Feudal |
| 9:47 | Construir | Market |
| 9:50 | Construir | Blacksmith |
| 9:54 | Investigar | Double-Bit Axe |
| 10:38 | Investigar | Castle Age |
| 10:38 | Investigar | Castle Age |
| 10:56 | Investigar | Horse Collar |
| 10:56 | Investigar | Horse Collar |
| 11:26 | Construir | Farm |
| 11:27 | Construir | Farm |
| 11:28 | Construir | Farm |
| 11:47 | Construir | House |
| 11:49 | Construir | House |
| 12:03 | Construir | Farm |
| 12:17 | Crear | Villager (Male) |
| 12:24 | Construir | Farm |
| 12:31 | Crear | Villager (Male) |
| 12:41 | Construir | Farm |
| 13:03 | Edad | Edad de los Castillos |
| 13:18 | Construir | Town Center |
| 13:21 | Crear | Villager (Male) |
| 13:34 | Crear | Villager (Male) |
| 13:48 | Construir | Town Center |
| 13:54 | Crear | Villager (Male) |
| 14:09 | Construir | Farm |
| 14:13 | Crear | Villager (Male) |
| 14:34 | Construir | Farm |
| 14:46 | Construir | Farm |
| 14:52 | Crear | Villager (Male) |
| 14:53 | Crear | Villager (Male) |
| 14:56 | Construir | Farm |
| 14:59 | Crear | Villager (Male) |
| 14:59 | Crear | Villager (Male) |
| 15:11 | Crear | Villager (Male) |
| 15:29 | Construir | Farm |
| 15:30 | Construir | Farm |
| 15:33 | Crear | Villager (Male) |
| 15:46 | Crear | Villager (Male) |
| 15:50 | Construir | Farm |
| 15:53 | Construir | Farm |
| 16:10 | Crear | Villager (Male) |
| 16:15 | Construir | Farm |
| 16:16 | Construir | Farm |
| 16:16 | Construir | Farm |
| 16:17 | Construir | Farm |
| 16:17 | Construir | Farm |
| 16:17 | Construir | Farm |
| 16:24 | Construir | Farm |
| 16:24 | Crear | Villager (Male) |
| 16:39 | Crear | Villager (Male) |
| 16:39 | Crear | Villager (Male) |
| 16:42 | Crear | Villager (Male) |
| 16:45 | Construir | House |
| 17:10 | Construir | Farm |
| 17:10 | Crear | Villager (Male) |
| 17:11 | Crear | Villager (Male) |
| 17:11 | Crear | Villager (Male) |
| 17:13 | Crear | Villager (Male) |
| 17:13 | Crear | Villager (Male) |
| 17:36 | Crear | Villager (Male) |
| 17:36 | Crear | Villager (Male) |
| 17:41 | Construir | Town Center |
| 17:48 | Investigar | Town Watch |
| 17:49 | Crear | Villager (Male) |
| 17:49 | Crear | Villager (Male) |
| 17:55 | Construir | House |
| 18:06 | Construir | Farm |
| 18:07 | Crear | Villager (Male) |
| 18:10 | Crear | Villager (Male) |
| 18:11 | Crear | Villager (Male) |
| 18:15 | Crear | Villager (Male) |
| 18:16 | Crear | Villager (Male) |
| 18:19 | Construir | House |
| 18:31 | Construir | Farm |
| 18:31 | Crear | Villager (Male) |
| 18:40 | Construir | Farm |
| 18:40 | Crear | Villager (Male) |
| 18:40 | Crear | Villager (Male) |
| 18:41 | Crear | Villager (Male) |
| 18:51 | Crear | Villager (Male) |
| 19:04 | Crear | Villager (Male) |
| 19:07 | Crear | Villager (Male) |
| 19:07 | Crear | Villager (Male) |
| 19:12 | Construir | Farm |
| 19:18 | Construir | House |
| 19:19 | Construir | House |
| 19:20 | Crear | Villager (Male) |
| 19:20 | Crear | Villager (Male) |
| 19:25 | Crear | Villager (Male) |
| 19:25 | Crear | Villager (Male) |
| 19:30 | Construir | Farm |
| 19:34 | Construir | Farm |
| 19:34 | Crear | Villager (Male) |
| 19:34 | Crear | Villager (Male) |
| 19:42 | Crear | Villager (Male) |
| 19:47 | Crear | Villager (Male) |
| 19:48 | Crear | Villager (Male) |
| 19:55 | Crear | Villager (Male) |
| 20:02 | Construir | Town Center |
| 20:05 | Crear | Villager (Male) |
| 20:06 | Crear | Villager (Male) |
| 20:06 | Crear | Villager (Male) |
| 20:13 | Crear | Villager (Male) |
| 20:22 | Construir | House |
| 20:23 | Crear | Villager (Male) |
| 20:28 | Crear | Villager (Male) |
| 20:28 | Crear | Villager (Male) |
| 20:34 | Crear | Villager (Male) |
| 20:35 | Crear | Villager (Male) |
| 20:36 | Investigar | Loom |
| 20:37 | Crear | Villager (Male) |
| 20:38 | Crear | Villager (Male) |
| 20:40 | Construir | Farm |
| 20:46 | Construir | Farm |
Build order — Uhtred
Primeras 150 de 448 acciones detectadas
| 0:03 | Construir | House |
| 0:05 | Construir | House |
| 0:06 | Crear | Villager (Male) |
| 0:06 | Crear | Villager (Male) |
| 0:06 | Crear | Villager (Male) |
| 0:07 | Crear | Villager (Male) |
| 0:07 | Crear | Villager (Male) |
| 0:07 | Crear | Villager (Male) |
| 1:35 | Crear | Villager (Male) |
| 1:35 | Crear | Villager (Male) |
| 2:08 | Crear | Villager (Male) |
| 2:08 | Crear | Villager (Male) |
| 2:29 | Crear | Villager (Male) |
| 2:29 | Crear | Villager (Male) |
| 2:29 | Crear | Villager (Male) |
| 2:33 | Construir | Lumber Camp |
| 2:57 | Construir | House |
| 2:58 | Construir | House |
| 3:13 | Crear | Villager (Male) |
| 3:13 | Crear | Villager (Male) |
| 3:53 | Crear | Villager (Male) |
| 3:53 | Crear | Villager (Male) |
| 3:53 | Crear | Villager (Male) |
| 3:54 | Crear | Villager (Male) |
| 4:16 | Crear | Villager (Male) |
| 4:16 | Crear | Villager (Male) |
| 4:51 | Crear | Villager (Male) |
| 4:52 | Crear | Villager (Male) |
| 5:11 | Crear | Villager (Male) |
| 5:11 | Crear | Villager (Male) |
| 5:27 | Crear | Villager (Male) |
| 5:27 | Crear | Villager (Male) |
| 5:27 | Crear | Villager (Male) |
| 5:28 | Crear | Villager (Male) |
| 5:28 | Crear | Villager (Male) |
| 5:28 | Crear | Villager (Male) |
| 6:14 | Construir | Mill |
| 7:43 | Crear | Villager (Male) |
| 7:43 | Crear | Villager (Male) |
| 7:53 | Construir | House |
| 7:54 | Construir | House |
| 8:40 | Investigar | Feudal Age |
| 8:40 | Investigar | Feudal Age |
| 8:40 | Investigar | Feudal Age |
| 8:56 | Construir | House |
| 9:08 | Construir | Mining Camp |
| 10:34 | Construir | Farm |
| 10:51 | Crear | Villager (Male) |
| 10:52 | Crear | Villager (Male) |
| 10:52 | Crear | Villager (Male) |
| 10:52 | Crear | Villager (Male) |
| 10:52 | Crear | Villager (Male) |
| 10:54 | Edad | Edad Feudal |
| 11:07 | Construir | Market |
| 11:32 | Construir | Farm |
| 11:44 | Construir | Blacksmith |
| 11:52 | Construir | Farm |
| 12:05 | Construir | Farm |
| 12:16 | Crear | Villager (Male) |
| 12:16 | Crear | Villager (Male) |
| 12:24 | Construir | House |
| 12:25 | Construir | House |
| 12:35 | Construir | Farm |
| 12:59 | Construir | Farm |
| 13:15 | Construir | Farm |
| 13:18 | Investigar | Castle Age |
| 13:18 | Investigar | Castle Age |
| 13:27 | Construir | Lumber Camp |
| 13:46 | Construir | House |
| 13:48 | Construir | House |
| 13:51 | Investigar | Horse Collar |
| 13:51 | Investigar | Horse Collar |
| 13:51 | Investigar | Horse Collar |
| 14:05 | Investigar | Double-Bit Axe |
| 14:05 | Investigar | Double-Bit Axe |
| 14:15 | Construir | Farm |
| 15:20 | Construir | Farm |
| 15:59 | Edad | Edad de los Castillos |
| 16:03 | Construir | Town Center |
| 16:11 | Construir | Town Center |
| 16:17 | Crear | Villager (Male) |
| 16:17 | Crear | Villager (Male) |
| 16:17 | Crear | Villager (Male) |
| 16:17 | Crear | Villager (Male) |
| 16:47 | Construir | Town Center |
| 16:50 | Crear | Villager (Male) |
| 16:59 | Crear | Villager (Male) |
| 17:00 | Crear | Villager (Male) |
| 17:00 | Crear | Villager (Male) |
| 17:13 | Crear | Villager (Male) |
| 17:14 | Crear | Villager (Male) |
| 17:14 | Crear | Villager (Male) |
| 17:14 | Crear | Villager (Male) |
| 17:15 | Crear | Villager (Male) |
| 17:23 | Construir | Farm |
| 17:27 | Construir | Farm |
| 17:32 | Construir | Farm |
| 17:35 | Crear | Villager (Male) |
| 17:35 | Crear | Villager (Male) |
| 17:45 | Construir | Mining Camp |
| 17:54 | Crear | Villager (Male) |
| 17:54 | Crear | Villager (Male) |
| 18:02 | Crear | Villager (Male) |
| 18:19 | Construir | Farm |
| 18:20 | Construir | Farm |
| 18:22 | Construir | Farm |
| 18:23 | Construir | Farm |
| 18:26 | Construir | Farm |
| 18:29 | Crear | Villager (Male) |
| 18:29 | Crear | Villager (Male) |
| 18:30 | Crear | Villager (Male) |
| 18:30 | Crear | Villager (Male) |
| 18:42 | Crear | Villager (Male) |
| 18:43 | Investigar | Loom |
| 18:43 | Investigar | Loom |
| 18:57 | Construir | Farm |
| 19:00 | Construir | Farm |
| 19:03 | Crear | Villager (Male) |
| 19:03 | Crear | Villager (Male) |
| 19:03 | Crear | Villager (Male) |
| 19:03 | Crear | Villager (Male) |
| 19:05 | Crear | Villager (Male) |
| 19:05 | Crear | Villager (Male) |
| 19:05 | Crear | Villager (Male) |
| 19:18 | Construir | Farm |
| 19:21 | Construir | Farm |
| 19:23 | Construir | Farm |
| 19:25 | Crear | Villager (Male) |
| 19:25 | Crear | Villager (Male) |
| 19:25 | Crear | Villager (Male) |
| 19:25 | Crear | Villager (Male) |
| 19:31 | Construir | Farm |
| 19:32 | Crear | Villager (Male) |
| 19:37 | Crear | Villager (Male) |
| 19:37 | Crear | Villager (Male) |
| 19:37 | Crear | Villager (Male) |
| 20:04 | Crear | Villager (Male) ×3 |
| 20:04 | Crear | Villager (Male) ×3 |
| 20:04 | Crear | Villager (Male) ×3 |
| 20:08 | Crear | Villager (Male) |
| 20:09 | Crear | Villager (Male) |
| 20:09 | Crear | Villager (Male) |
| 20:15 | Construir | Farm |
| 20:16 | Construir | Farm |
| 20:18 | Construir | Farm |
| 20:21 | Crear | Villager (Male) |
| 20:21 | Crear | Villager (Male) |
| 20:21 | Crear | Villager (Male) |
| 20:27 | Crear | Villager (Male) |
| 20:31 | Crear | Villager (Male) |
Build order — 精锐萌新
Primeras 150 de 408 acciones detectadas
| 0:03 | Crear | Villager (Male) ×4 |
| 0:04 | Investigar | Loom |
| 0:05 | Construir | House |
| 0:07 | Construir | House |
| 1:40 | Crear | Villager (Male) |
| 2:05 | Crear | Villager (Male) |
| 2:05 | Crear | Villager (Male) |
| 2:23 | Construir | Lumber Camp |
| 2:27 | Crear | Villager (Male) |
| 2:36 | Crear | Villager (Male) |
| 2:36 | Crear | Villager (Male) |
| 3:00 | Crear | Villager (Male) |
| 3:00 | Crear | Villager (Male) |
| 3:06 | Construir | House |
| 3:07 | Construir | House |
| 3:13 | Crear | Villager (Male) |
| 3:36 | Crear | Villager (Male) |
| 4:09 | Crear | Villager (Male) |
| 4:09 | Crear | Villager (Male) |
| 4:10 | Crear | Villager (Male) |
| 4:49 | Crear | Villager (Male) |
| 4:49 | Crear | Villager (Male) |
| 5:03 | Crear | Villager (Male) |
| 5:03 | Crear | Villager (Male) |
| 5:42 | Crear | Villager (Male) |
| 5:42 | Crear | Villager (Male) |
| 5:43 | Crear | Villager (Male) |
| 5:55 | Construir | Mill |
| 6:07 | Crear | Villager (Male) |
| 6:08 | Crear | Villager (Male) |
| 6:08 | Crear | Villager (Male) |
| 6:41 | Construir | Barracks |
| 6:57 | Investigar | Loom |
| 7:24 | Crear | Villager (Male) |
| 7:24 | Crear | Villager (Male) |
| 7:41 | Construir | House |
| 7:49 | Crear | Villager (Male) |
| 8:19 | Construir | Mining Camp |
| 8:47 | Investigar | Feudal Age |
| 9:42 | Crear | Villager (Male) |
| 9:42 | Crear | Villager (Male) |
| 11:00 | Edad | Edad Feudal |
| 11:01 | Construir | Blacksmith |
| 11:20 | Construir | Archery Range |
| 11:42 | Crear | Villager (Male) |
| 12:19 | Investigar | Castle Age |
| 12:20 | Crear | Archer |
| 12:20 | Crear | Archer |
| 12:25 | Construir | House |
| 12:27 | Construir | House |
| 12:56 | Construir | House |
| 13:00 | Investigar | Double-Bit Axe |
| 13:09 | Crear | Archer |
| 13:10 | Crear | Archer |
| 13:28 | Investigar | Fletching |
| 13:34 | Crear | Archer |
| 13:35 | Crear | Archer |
| 14:03 | Construir | House |
| 14:06 | Investigar | Horse Collar |
| 14:09 | Construir | Farm |
| 14:11 | Construir | Farm |
| 14:18 | Construir | Farm |
| 14:20 | Construir | Farm |
| 14:24 | Construir | Farm |
| 14:26 | Crear | Villager (Male) |
| 14:42 | Crear | Archer |
| 14:54 | Crear | Villager (Male) |
| 14:58 | Edad | Edad de los Castillos |
| 15:09 | Construir | Town Center |
| 15:34 | Crear | Villager (Male) |
| 15:52 | Construir | Town Center |
| 15:54 | Crear | Villager (Male) |
| 16:20 | Crear | Villager (Male) |
| 16:24 | Construir | Farm |
| 16:25 | Construir | Farm |
| 16:40 | Crear | Villager (Male) |
| 16:54 | Construir | Farm |
| 16:57 | Crear | Villager (Male) |
| 17:18 | Crear | Villager (Male) |
| 17:25 | Construir | Monastery |
| 17:34 | Construir | Farm |
| 17:47 | Construir | Farm |
| 17:49 | Crear | Villager (Male) |
| 17:51 | Crear | Villager (Male) |
| 18:09 | Construir | House |
| 18:13 | Crear | Villager (Male) |
| 18:16 | Construir | Farm |
| 18:18 | Construir | Farm |
| 18:22 | Crear | Monk |
| 18:28 | Investigar | Fervor |
| 18:31 | Crear | Villager (Male) |
| 18:35 | Construir | Farm |
| 18:37 | Construir | House |
| 18:38 | Construir | House |
| 18:51 | Crear | Villager (Male) |
| 18:56 | Construir | Farm |
| 18:59 | Crear | Monk |
| 19:03 | Construir | House |
| 19:07 | Construir | Farm |
| 19:08 | Crear | Villager (Male) |
| 19:10 | Crear | Villager (Male) |
| 19:13 | Construir | Farm |
| 19:15 | Construir | Farm |
| 19:26 | Crear | Villager (Male) |
| 19:31 | Construir | Farm |
| 19:35 | Construir | House |
| 19:40 | Crear | Villager (Male) |
| 19:44 | Crear | Villager (Male) |
| 19:50 | Construir | Outpost |
| 19:52 | Construir | Outpost |
| 19:54 | Construir | Outpost |
| 19:57 | Crear | Villager (Male) |
| 20:03 | Construir | House |
| 20:07 | Construir | Farm |
| 20:09 | Crear | Villager (Male) |
| 20:11 | Crear | Villager (Male) |
| 20:22 | Crear | Villager (Male) |
| 20:40 | Crear | Villager (Male) |
| 20:43 | Crear | Villager (Male) |
| 20:43 | Crear | Villager (Male) |
| 20:45 | Construir | Farm |
| 21:04 | Crear | Villager (Male) |
| 21:04 | Crear | Villager (Male) |
| 21:05 | Crear | Villager (Male) |
| 21:08 | Construir | Town Center |
| 21:12 | Construir | House |
| 21:15 | Construir | Farm |
| 21:24 | Investigar | Town Watch |
| 21:27 | Crear | Villager (Male) |
| 21:28 | Crear | Villager (Male) |
| 21:28 | Crear | Villager (Male) |
| 21:36 | Crear | Villager (Male) |
| 21:42 | Construir | Farm |
| 21:45 | Construir | Farm |
| 21:46 | Construir | Farm |
| 21:47 | Construir | Farm |
| 21:59 | Construir | House |
| 22:00 | Crear | Villager (Male) |
| 22:01 | Crear | Villager (Male) |
| 22:02 | Crear | Villager (Male) |
| 22:03 | Crear | Villager (Male) |
| 22:09 | Construir | House |
| 22:10 | Crear | Villager (Male) |
| 22:13 | Construir | Farm |
| 22:18 | Construir | Farm |
| 22:23 | Crear | Villager (Male) |
| 22:23 | Crear | Villager (Male) |
| 22:25 | Crear | Monk |
| 22:39 | Crear | Villager (Male) |
| 22:39 | Crear | Villager (Male) |
Build order — fabio07deluca
Primeras 150 de 170 acciones detectadas
| 0:01 | Crear | Villager (Male) |
| 0:01 | Crear | Villager (Male) |
| 0:03 | Construir | House |
| 0:04 | Construir | House |
| 0:10 | Crear | Villager (Male) |
| 0:17 | Crear | Villager (Male) |
| 0:17 | Crear | Villager (Male) |
| 1:28 | Crear | Villager (Male) |
| 1:48 | Construir | Lumber Camp |
| 1:51 | Crear | Villager (Male) |
| 1:51 | Crear | Villager (Male) |
| 2:26 | Crear | Villager (Male) |
| 2:53 | Crear | Villager (Male) |
| 3:20 | Crear | Villager (Male) |
| 3:27 | Construir | House |
| 3:28 | Construir | House |
| 3:31 | Construir | House |
| 3:40 | Crear | Villager (Male) |
| 4:02 | Crear | Villager (Male) |
| 4:47 | Crear | Villager (Male) |
| 4:48 | Crear | Villager (Male) |
| 4:48 | Crear | Villager (Male) |
| 5:47 | Crear | Villager (Male) |
| 5:47 | Crear | Villager (Male) |
| 6:10 | Crear | Villager (Male) |
| 6:11 | Crear | Villager (Male) |
| 6:22 | Crear | Villager (Male) |
| 6:22 | Crear | Villager (Male) |
| 6:22 | Crear | Villager (Male) |
| 6:43 | Crear | Villager (Male) |
| 6:46 | Crear | Villager (Male) |
| 6:54 | Construir | Mill |
| 7:04 | Construir | Mill |
| 7:17 | Crear | Villager (Male) |
| 7:32 | Crear | Villager (Male) |
| 8:44 | Crear | Villager (Male) |
| 8:57 | Construir | Mining Camp |
| 9:13 | Crear | Villager (Male) |
| 9:25 | Investigar | Feudal Age |
| 9:40 | Construir | House |
| 9:56 | Construir | House |
| 10:21 | Construir | House |
| 10:29 | Construir | Farm |
| 10:31 | Construir | Farm |
| 10:31 | Construir | Farm |
| 10:37 | Construir | Farm |
| 10:38 | Construir | Farm |
| 10:39 | Construir | Farm |
| 10:40 | Construir | Farm |
| 10:41 | Construir | Farm |
| 10:43 | Construir | Farm |
| 10:46 | Construir | Farm |
| 10:50 | Crear | Villager (Male) |
| 10:50 | Crear | Villager (Male) |
| 10:59 | Construir | Farm |
| 11:31 | Crear | Villager (Male) |
| 11:32 | Crear | Villager (Male) |
| 12:07 | Edad | Edad Feudal |
| 12:11 | Construir | Market |
| 12:22 | Construir | Blacksmith |
| 12:58 | Crear | Villager (Male) |
| 13:15 | Construir | Barracks |
| 13:24 | Investigar | Castle Age |
| 13:41 | Investigar | Horse Collar |
| 14:08 | Investigar | Double-Bit Axe |
| 14:14 | Crear | Militia |
| 14:14 | Crear | Militia |
| 14:25 | Crear | Militia |
| 14:25 | Crear | Militia |
| 14:25 | Crear | Militia |
| 14:38 | Crear | Villager (Male) |
| 14:57 | Crear | Militia |
| 14:57 | Crear | Militia |
| 15:34 | Crear | Villager (Male) |
| 15:49 | Crear | Militia |
| 15:49 | Crear | Militia |
| 15:50 | Crear | Militia |
| 15:50 | Crear | Militia |
| 15:50 | Crear | Militia |
| 16:04 | Edad | Edad de los Castillos |
| 16:17 | Construir | Siege Workshop |
| 16:21 | Crear | Militia |
| 16:21 | Crear | Militia |
| 16:22 | Crear | Militia |
| 16:32 | Investigar | Scale Mail Armor |
| 16:46 | Construir | Farm |
| 16:49 | Crear | Villager (Male) |
| 16:52 | Crear | Villager (Male) |
| 16:58 | Crear | Battering Ram |
| 16:58 | Crear | Battering Ram |
| 16:58 | Crear | Battering Ram |
| 17:04 | Crear | Militia |
| 17:05 | Crear | Militia |
| 17:11 | Crear | Battering Ram |
| 17:13 | Crear | Militia |
| 17:14 | Crear | Militia |
| 17:19 | Crear | Villager (Male) |
| 17:36 | Crear | Militia |
| 17:36 | Crear | Militia |
| 17:38 | Crear | Militia |
| 17:45 | Construir | House |
| 17:47 | Construir | House |
| 17:50 | Construir | House |
| 17:51 | Construir | House |
| 18:07 | Crear | Militia |
| 18:08 | Crear | Militia |
| 18:08 | Crear | Militia |
| 18:22 | Crear | Militia |
| 18:22 | Crear | Militia |
| 18:23 | Crear | Militia |
| 18:33 | Investigar | Forging |
| 18:34 | Investigar | Forging |
| 18:51 | Crear | Militia |
| 18:55 | Construir | House |
| 18:56 | Construir | House |
| 18:59 | Construir | House |
| 19:04 | Construir | Farm |
| 19:05 | Construir | Farm |
| 19:10 | Investigar | Man-at-Arms (upgrade) |
| 19:22 | Construir | Farm |
| 19:25 | Construir | Farm |
| 19:28 | Construir | Farm |
| 19:29 | Construir | Farm |
| 19:30 | Construir | Farm |
| 20:02 | Construir | Farm |
| 20:21 | Crear | Battering Ram |
| 20:40 | Investigar | Iron Casting |
| 20:41 | Investigar | Iron Casting |
| 21:26 | Investigar | Chain Mail Armor |
| 21:36 | Investigar | Gambesons |
| 22:04 | Investigar | Long Swordsman (upgrade) |
| 22:04 | Investigar | Long Swordsman (upgrade) |
| 22:37 | Crear | Villager (Male) |
| 22:37 | Crear | Villager (Male) |
| 22:38 | Crear | Villager (Male) |
| 23:01 | Investigar | Gambesons |
| 23:02 | Investigar | Arson |
| 23:05 | Crear | Villager (Male) |
| 23:05 | Crear | Villager (Male) |
| 23:25 | Construir | Farm |
| 23:27 | Crear | Villager (Male) |
| 23:27 | Crear | Villager (Male) |
| 23:59 | Crear | Villager (Male) |
| 24:04 | Construir | Town Center |
| 24:06 | Crear | Villager (Male) |
| 24:06 | Crear | Villager (Male) |
| 25:01 | Crear | Villager (Male) |
| 25:01 | Crear | Villager (Male) |
| 25:01 | Crear | Villager (Male) |
| 25:02 | Crear | Villager (Male) |
Build order — Nuclear Nadal
Primeras 150 de 302 acciones detectadas
| 0:02 | Crear | Villager (Male) |
| 0:02 | Crear | Villager (Male) |
| 0:02 | Crear | Villager (Male) |
| 0:02 | Crear | Villager (Male) |
| 0:03 | Crear | Villager (Male) |
| 0:04 | Construir | House |
| 0:07 | Construir | House |
| 1:16 | Crear | Villager (Male) |
| 1:16 | Crear | Villager (Male) |
| 2:09 | Crear | Villager (Male) |
| 2:09 | Crear | Villager (Male) |
| 2:10 | Crear | Villager (Male) |
| 2:15 | Construir | Lumber Camp |
| 3:07 | Crear | Villager (Male) ×2 |
| 3:07 | Crear | Villager (Male) ×2 |
| 3:27 | Construir | House |
| 3:28 | Construir | House |
| 3:29 | Construir | House |
| 3:52 | Crear | Villager (Male) ×2 |
| 3:52 | Crear | Villager (Male) ×2 |
| 4:17 | Crear | Villager (Male) |
| 4:17 | Crear | Villager (Male) |
| 5:13 | Crear | Villager (Male) |
| 5:13 | Crear | Villager (Male) |
| 5:14 | Crear | Villager (Male) |
| 5:14 | Crear | Villager (Male) |
| 5:54 | Crear | Villager (Male) |
| 5:54 | Crear | Villager (Male) |
| 6:37 | Crear | Villager (Male) |
| 6:37 | Crear | Villager (Male) |
| 6:38 | Crear | Villager (Male) |
| 7:10 | Construir | Mill |
| 7:36 | Crear | Villager (Male) |
| 7:36 | Crear | Villager (Male) |
| 7:37 | Crear | Villager (Male) |
| 7:37 | Crear | Villager (Male) |
| 7:37 | Crear | Villager (Male) |
| 7:38 | Crear | Villager (Male) |
| 7:38 | Crear | Villager (Male) |
| 8:19 | Crear | Villager (Male) |
| 8:20 | Crear | Villager (Male) |
| 8:39 | Construir | Farm |
| 8:41 | Construir | Farm |
| 9:01 | Construir | Mining Camp |
| 9:37 | Investigar | Feudal Age |
| 10:41 | Crear | Villager (Male) |
| 10:41 | Crear | Villager (Male) |
| 11:13 | Construir | Farm |
| 11:13 | Construir | Farm |
| 11:47 | Edad | Edad Feudal |
| 11:50 | Construir | Market |
| 11:54 | Construir | Blacksmith |
| 11:56 | Construir | House |
| 12:08 | Investigar | Double-Bit Axe |
| 12:32 | Crear | Villager (Male) |
| 13:01 | Investigar | Castle Age |
| 15:03 | Investigar | Horse Collar |
| 15:06 | Crear | Villager (Male) |
| 15:43 | Edad | Edad de los Castillos |
| 16:06 | Investigar | Bow Saw |
| 16:09 | Investigar | Wheelbarrow |
| 16:47 | Crear | Villager (Male) |
| 16:55 | Construir | Town Center |
| 17:04 | Construir | Town Center |
| 17:21 | Crear | Villager (Male) |
| 18:07 | Construir | Farm |
| 18:07 | Construir | Farm |
| 18:07 | Construir | Farm |
| 18:07 | Construir | Farm |
| 18:08 | Construir | Farm |
| 18:08 | Construir | Farm |
| 18:15 | Crear | Villager (Male) |
| 18:19 | Construir | Farm |
| 18:20 | Construir | Farm |
| 18:20 | Construir | Farm |
| 18:20 | Construir | Farm |
| 18:23 | Crear | Villager (Male) ×5 |
| 18:37 | Crear | Villager (Male) |
| 18:37 | Crear | Villager (Male) |
| 18:38 | Crear | Villager (Male) |
| 19:00 | Construir | Town Center |
| 19:03 | Crear | Villager (Male) |
| 19:04 | Crear | Villager (Male) |
| 19:17 | Crear | Villager (Male) |
| 19:34 | Crear | Villager (Male) |
| 19:47 | Crear | Villager (Male) ×3 |
| 20:13 | Construir | Farm |
| 20:14 | Construir | Farm |
| 20:14 | Construir | Farm |
| 20:14 | Construir | Farm |
| 20:15 | Construir | Farm |
| 20:15 | Construir | Farm |
| 20:15 | Construir | Farm |
| 20:15 | Construir | Farm |
| 20:18 | Crear | Villager (Male) ×3 |
| 20:24 | Crear | Villager (Male) |
| 20:32 | Crear | Villager (Male) |
| 20:41 | Crear | Villager (Male) |
| 20:50 | Construir | Farm |
| 20:54 | Construir | Farm |
| 21:00 | Crear | Villager (Male) ×2 |
| 21:07 | Construir | House |
| 21:13 | Construir | House |
| 21:14 | Construir | House |
| 21:16 | Construir | House |
| 21:17 | Construir | House |
| 21:27 | Crear | Villager (Male) ×5 |
| 21:33 | Crear | Villager (Male) |
| 21:34 | Crear | Villager (Male) |
| 21:44 | Construir | Farm |
| 21:44 | Construir | Farm |
| 21:44 | Construir | Farm |
| 21:45 | Construir | Farm |
| 21:45 | Construir | Farm |
| 21:58 | Construir | Farm |
| 22:00 | Crear | Villager (Male) ×5 |
| 22:06 | Construir | Farm |
| 22:06 | Construir | Farm |
| 22:08 | Construir | Farm |
| 22:08 | Construir | Farm |
| 22:09 | Construir | Farm |
| 22:09 | Construir | Farm |
| 22:09 | Construir | Farm |
| 22:11 | Construir | Farm |
| 22:12 | Crear | Villager (Male) ×2 |
| 22:29 | Crear | Villager (Male) |
| 22:30 | Crear | Villager (Male) |
| 22:30 | Crear | Villager (Male) |
| 22:31 | Investigar | Loom |
| 22:40 | Construir | Farm |
| 22:48 | Construir | Farm |
| 22:50 | Construir | Farm |
| 22:53 | Crear | Villager (Male) ×5 |
| 23:00 | Construir | House |
| 23:01 | Construir | House |
| 23:10 | Construir | House |
| 23:12 | Crear | Villager (Male) ×5 |
| 23:28 | Investigar | Gold Mining |
| 23:28 | Investigar | Stone Mining |
| 23:33 | Construir | Mining Camp |
| 23:50 | Investigar | Stone Mining |
| 23:54 | Investigar | Heavy Plow |
| 23:57 | Crear | Villager (Male) |
| 23:59 | Crear | Villager (Male) |
| 23:59 | Crear | Villager (Male) |
| 23:59 | Crear | Villager (Male) |
| 24:09 | Construir | Monastery |
| 24:17 | Construir | Farm |
| 24:18 | Construir | Farm |
| 24:18 | Construir | Farm |
Build order — 这么早就组排
Primeras 150 de 341 acciones detectadas
| 0:00 | Crear | Villager (Male) ×4 |
| 0:03 | Construir | House |
| 0:05 | Construir | House |
| 1:31 | Crear | Villager (Male) |
| 1:51 | Construir | Lumber Camp |
| 1:52 | Crear | Villager (Male) |
| 2:23 | Crear | Villager (Male) |
| 2:23 | Crear | Villager (Male) |
| 2:50 | Crear | Villager (Male) |
| 3:37 | Construir | Mill |
| 3:37 | Crear | Villager (Male) |
| 4:00 | Crear | Villager (Male) |
| 4:29 | Crear | Villager (Male) |
| 4:31 | Crear | Villager (Male) |
| 4:56 | Crear | Villager (Male) |
| 5:15 | Construir | House |
| 5:16 | Construir | House |
| 5:20 | Crear | Villager (Male) |
| 5:20 | Crear | Villager (Male) |
| 5:32 | Crear | Villager (Male) |
| 7:00 | Crear | Villager (Male) |
| 7:01 | Crear | Villager (Male) |
| 7:01 | Crear | Villager (Male) |
| 7:08 | Construir | Mining Camp |
| 8:05 | Crear | Villager (Male) |
| 8:05 | Crear | Villager (Male) |
| 8:54 | Investigar | Feudal Age |
| 11:00 | Crear | Villager (Male) |
| 11:00 | Crear | Villager (Male) |
| 11:21 | Edad | Edad Feudal |
| 11:22 | Construir | Market |
| 11:25 | Construir | Blacksmith |
| 11:26 | Investigar | Double-Bit Axe |
| 12:11 | Investigar | Castle Age |
| 12:27 | Investigar | Horse Collar |
| 12:46 | Construir | Farm |
| 12:48 | Construir | Farm |
| 12:50 | Construir | Farm |
| 13:53 | Crear | Villager (Male) |
| 13:54 | Crear | Villager (Male) |
| 14:51 | Edad | Edad de los Castillos |
| 14:53 | Construir | Town Center |
| 14:56 | Construir | Town Center |
| 15:00 | Investigar | Heavy Plow |
| 15:01 | Investigar | Bow Saw |
| 15:09 | Construir | House |
| 15:36 | Crear | Villager (Male) |
| 15:56 | Crear | Villager (Male) |
| 16:04 | Construir | Farm |
| 16:06 | Construir | Farm |
| 16:11 | Construir | Farm |
| 16:15 | Construir | Farm |
| 16:15 | Crear | Villager (Male) |
| 16:16 | Crear | Villager (Male) |
| 16:19 | Construir | Farm |
| 16:27 | Crear | Villager (Male) |
| 16:29 | Construir | Farm |
| 16:30 | Construir | Mill |
| 16:34 | Crear | Villager (Male) |
| 16:34 | Crear | Villager (Male) |
| 16:34 | Crear | Villager (Male) |
| 16:36 | Construir | Farm |
| 16:41 | Construir | Farm |
| 16:42 | Crear | Villager (Male) |
| 16:42 | Crear | Villager (Male) |
| 16:51 | Construir | Farm |
| 16:58 | Crear | Villager (Male) |
| 17:15 | Construir | Castle |
| 17:17 | Crear | Villager (Male) |
| 17:17 | Crear | Villager (Male) |
| 17:18 | Crear | Villager (Male) |
| 17:19 | Crear | Villager (Male) |
| 17:25 | Construir | Farm |
| 17:27 | Construir | Farm |
| 17:32 | Construir | Farm |
| 17:33 | Construir | Mill |
| 17:33 | Construir | Farm |
| 17:40 | Construir | Farm |
| 17:42 | Crear | Villager (Male) |
| 17:48 | Crear | Villager (Male) |
| 17:48 | Crear | Villager (Male) |
| 17:50 | Construir | Farm |
| 17:52 | Crear | Villager (Male) |
| 18:06 | Crear | Villager (Male) |
| 18:10 | Construir | Farm |
| 18:15 | Crear | Villager (Male) |
| 18:15 | Crear | Villager (Male) |
| 18:19 | Construir | Farm |
| 18:22 | Construir | Farm |
| 18:25 | Construir | Farm |
| 18:25 | Crear | Villager (Male) |
| 18:26 | Crear | Villager (Male) |
| 18:26 | Crear | Villager (Male) |
| 18:35 | Construir | House |
| 18:36 | Construir | House |
| 18:38 | Construir | House |
| 18:44 | Investigar | Gold Mining |
| 18:50 | Construir | Farm |
| 18:52 | Construir | Farm |
| 19:03 | Construir | Lumber Camp |
| 19:07 | Crear | Villager (Male) |
| 19:07 | Crear | Villager (Male) |
| 19:07 | Crear | Villager (Male) |
| 19:12 | Construir | Mining Camp |
| 19:24 | Crear | Villager (Male) |
| 19:29 | Investigar | Wheelbarrow |
| 19:29 | Crear | Villager (Male) |
| 19:30 | Crear | Villager (Male) |
| 19:30 | Crear | Villager (Male) |
| 19:31 | Crear | Villager (Male) |
| 19:53 | Crear | Villager (Male) |
| 19:53 | Crear | Villager (Male) |
| 20:02 | Construir | Farm |
| 20:03 | Construir | Mill |
| 20:04 | Construir | Farm |
| 20:04 | Construir | Farm |
| 20:11 | Construir | Farm |
| 20:14 | Construir | Farm |
| 20:21 | Construir | House |
| 20:22 | Construir | House |
| 20:36 | Construir | Farm |
| 20:45 | Construir | Siege Workshop |
| 20:58 | Crear | Villager (Male) |
| 20:59 | Crear | Villager (Male) |
| 20:59 | Crear | Villager (Male) |
| 21:00 | Crear | Villager (Male) |
| 21:05 | Construir | Farm |
| 21:05 | Construir | Farm |
| 21:06 | Construir | Farm |
| 21:17 | Construir | House |
| 21:21 | Crear | Villager (Male) |
| 21:22 | Crear | Villager (Male) |
| 21:24 | Construir | House |
| 21:25 | Construir | House |
| 21:50 | Investigar | Imperial Age |
| 22:00 | Construir | Stone Wall |
| 22:09 | Crear | Villager (Male) |
| 22:10 | Crear | Villager (Male) |
| 22:14 | Investigar | Town Watch |
| 22:18 | Investigar | Loom |
| 22:24 | Construir | Stone Wall |
| 22:26 | Crear | Mangonel |
| 22:27 | Crear | Villager (Male) |
| 22:28 | Crear | Villager (Male) |
| 22:30 | Construir | Stone Wall |
| 22:34 | Construir | Stone Wall |
| 22:39 | Construir | House |
| 22:39 | Construir | House |
| 22:52 | Crear | Villager (Male) |
| 22:53 | Crear | Villager (Male) |
Cronología de la partida
| 6:41 | 精锐萌新 · first_building Barracks |
| 9:44 | 请摸我的玉足 · age_up feudal |
| 10:36 | 请摸我的玉足 · first_market_sell 100 wood |
| 10:54 | Uhtred · age_up feudal |
| 10:55 | Jason · age_up feudal |
| 11:00 | 精锐萌新 · age_up feudal |
| 11:08 | 你们先开吧我晚点再来 · wall_segment Palisade Wall x1 |
| 11:09 | 你们先开吧我晚点再来 · wall_segment Palisade Wall x1 |
| 11:20 | 精锐萌新 · first_building Archery Range |
| 11:21 | 这么早就组排 · age_up feudal |
| 11:47 | Nuclear Nadal · age_up feudal |
| 11:51 | 你们先开吧我晚点再来 · age_up feudal |
| 12:07 | fabio07deluca · age_up feudal |
| 13:03 | 请摸我的玉足 · age_up castle |
| 13:15 | fabio07deluca · first_building Barracks |
| 13:30 | 请摸我的玉足 · first_market_buy 100 wood |
| 14:13 | Jason · first_building Barracks |
| 14:51 | 这么早就组排 · age_up castle |
| 14:55 | Jason · age_up castle |
| 14:58 | 精锐萌新 · age_up castle |
| 15:05 | Jason · first_building Siege Workshop |
| 15:22 | 你们先开吧我晚点再来 · age_up castle |
| 15:43 | Nuclear Nadal · age_up castle |
| 15:59 | Uhtred · age_up castle |
| 16:04 | fabio07deluca · age_up castle |
| 16:17 | fabio07deluca · first_building Siege Workshop |
| 16:29 | Uhtred · first_market_buy 100 stone |
| 17:12 | 你们先开吧我晚点再来 · first_building Castle |
| 17:15 | 这么早就组排 · first_building Castle |
| 17:25 | 精锐萌新 · first_building Monastery |
| 17:59 | Nuclear Nadal · first_market_buy 100 stone |
| 18:10 | Jason · first_market_sell 100 stone |
| 18:28 | 你们先开吧我晚点再来 · first_market_buy 100 wood |
| 20:45 | 这么早就组排 · first_building Siege Workshop |
| 21:18 | fabio07deluca · first_market_sell 100 food |
| 21:43 | 这么早就组排 · first_market_sell 100 wood |
| 22:00 | 这么早就组排 · wall_segment Stone Wall x3 |
| 22:24 | 这么早就组排 · wall_segment Stone Wall x1 |
| 22:30 | 这么早就组排 · wall_segment Stone Wall x1 |
| 22:34 | 这么早就组排 · wall_segment Stone Wall x5 |
| 22:42 | Jason · first_market_buy 100 food |
| 23:06 | 请摸我的玉足 · first_building Castle |
| 23:57 | Uhtred · first_building Castle |
| 23:59 | Jason · wall_segment Stone Wall x1 |
| 24:07 | 这么早就组排 · first_building Barracks |
| 24:09 | Nuclear Nadal · first_building Monastery |
| 24:53 | 精锐萌新 · first_building Castle |
| 25:00 | 这么早就组排 · age_up imperial |
| 26:30 | 请摸我的玉足 · first_building Barracks |
| 27:26 | Nuclear Nadal · first_building Barracks |
| 27:29 | 请摸我的玉足 · first_building Stable |
| 27:37 | Uhtred · first_building Barracks |
| 28:02 | 精锐萌新 · wall_segment Stone Wall x1 |
| 28:02 | 精锐萌新 · wall_segment Stone Wall x1 |
| 28:07 | 你们先开吧我晚点再来 · age_up imperial |
| 28:26 | Uhtred · first_building Stable |
| 28:37 | Nuclear Nadal · first_building Stable |
| 29:05 | fabio07deluca · resign |
| 29:22 | Uhtred · age_up imperial |
| 29:52 | 请摸我的玉足 · age_up imperial |
| 30:10 | Nuclear Nadal · first_building Castle |
| 30:23 | Nuclear Nadal · first_building Archery Range |
| 30:33 | 精锐萌新 · first_building Siege Workshop |
| 30:39 | Nuclear Nadal · age_up imperial |
| 30:43 | 请摸我的玉足 · first_building Monastery |
| 31:26 | 你们先开吧我晚点再来 · first_market_sell 100 wood |
| 31:49 | 这么早就组排 · first_building Stable |
| 32:25 | Nuclear Nadal · first_market_sell 500 food |
| 32:47 | 精锐萌新 · age_up imperial |
| 33:53 | Uhtred · first_market_sell 500 wood |
| 34:51 | Nuclear Nadal · wall_segment Stone Wall x1 |
| 34:52 | Nuclear Nadal · wall_segment Stone Wall x1 |
| 35:23 | Jason · first_building Castle |
| 36:06 | Uhtred · wall_segment Stone Wall x23 |
| 36:22 | Nuclear Nadal · wall_segment Stone Wall x1 |
| 36:47 | Jason · age_up imperial |
[ ANÁLISIS IA · 1 CRÉDITO ]
¿Qué pasó realmente en esta partida?
Wolo.gg analiza cada decisión: build order, eco, micro, errores típicos por bracket. Análisis personalizado por WhatsApp o Discord en 30 segundos.
Guía civ
Britanos
Perfil
你们先开吧我晚点再来